 Dungeon Sprint DCSS version 0.29-a0-962-gc8bbfd0a37 (webtiles) character file.

Game seed: 17611541202868296325

3943 mhtbhm the Basher (level 10, -5/70 HPs)
             Began as a Gargoyle Fighter on July 30, 2022.
             Was an Initiate of Gozag.
             Slain by a basilisk (12 damage)
             ... in the Dungeon (Sprint IX: "|||||||||||||||||||||||||||||").
             The game lasted 00:02:06 (1189 turns).

mhtbhm the Basher (Gargoyle Fighter)                Turns: 1189, Time: 00:02:07

Health: -5/70      AC: 25    Str: 25    XL:     10   Next: 21%
Magic:  10/10      EV: 11    Int:  8    God:    Gozag
Gold:   1421       SH:  6    Dex:  9    Spells: 9/9 levels left

rFire   . . .      SeeInvis .   a - +0 flail
rCold   . . .      Faith    .   c - +0 buckler
rNeg    + . .      Spirit   .   b - +1 scale mail
rPois   ∞          Reflect  .   n - +0 helmet
rElec   +          Harm     .   m - +0 cloak
rCorr   .          Rampage  .   (no gloves)
Will    .....      NoTele   +   (no boots)
Stlth   ..........              (no amulet)
HPRegen 0.21/turn               o - +2 ring of protection
MPRegen 0.12/turn               p - +2 ring of protection

@: gold aura
A: sickness immunity, AC +7, negative energy resistance 1, electricity
resistance, torment resistance 1, petrification resistance
a: Renounce Religion, Potion Petition, Call Merchant, Bribe Branch


You were in the Dungeon.
You worshipped Gozag.
Gozag was most pleased with you.
You visited 1 branch You collected 1421 gold pieces.

Inventory:

Hand Weapons
 a - a +0 flail (weapon)
Missiles
 f - 6 poisoned darts (quivered)
Armour
 b - a +1 scale mail (worn)
 c - a +0 buckler (worn)
 m - a +0 cloak (worn)
 n - a +0 helmet (worn)
Jewellery
 o - a +2 ring of protection (left hand)
 p - a +2 ring of protection (right hand)
Wands
 l - a wand of roots (5)
Scrolls
 j - 2 scrolls of blinking
 k - 2 scrolls of amnesia
 q - 2 scrolls of enchant weapon
 r - 4 scrolls of enchant armour
 s - 2 scrolls of fog
Potions
 d - a potion of mutation
 e - 8 potions of heal wounds
 h - 4 potions of magic
 i - a potion of curing


   Skills:
 + Level 11.6 Fighting
 + Level 14.1 Maces & Flails
 + Level 13.2 Armour
 + Level 5.4 Dodging
 + Level 2.1 Stealth
 + Level 9.2 Shields
 + Level 2.7 Evocations


You had 9 spell levels left.
You didn't know any spells.
Your spell library was empty.

Dungeon Overview and Level Annotations

Branches:
Dungeon (1/1)

Altars:
Cheibriados
Dithmenos
Elyvilon
Fedhas
Gozag
Hepliaklqana
Kikubaaqudgha
Makhleb
Nemelex Xobeh
Okawaru
Qazlal
Ru
Sif Muna
Trog
Uskayaw
Vehumet
Wu Jian
Xom
Yredelemnul
Zin
The Shining One
Jiyva
Lugonu


Innate Abilities, Weirdness & Mutations

You are immune to sickness and miasma.
Your stone body is resilient. (AC +7)
You are immune to poison.
You resist negative energy. (rN+)
You are resistant to electric shocks. (rElec)
You are resistant to unholy torment.
You are immune to petrification.


Message History

The boulder beetle curls into a ball and begins rolling!
Your Maces & Flails skill increases to level 14!
Your Stealth skill increases to level 2!
Unknown command.
The grasping roots constrict the boulder beetle, but do no damage.
The water moccasin is distracted by your dazzling golden aura.
The boulder beetle hits you!!
* * * LOW HITPOINT WARNING * * *
The boulder beetle stops rolling and uncurls.
The water moccasin hisses angrily.
You see here 207 gold pieces.
Unknown command.
As you read the scroll of fear, it crumbles to dust.
You assume a fearsome visage.
The boulder beetle looks frightened!
The basilisk looks frightened!
The water moccasin looks frightened!
The basilisk looks frightened!
The grasping roots constrict the boulder beetle, but do no damage.
The boulder beetle waves its antennae.
The boulder beetle leaps free!
The boulder beetle leaps!
Cornered, the basilisk turns to fight!
You see here 180 gold pieces.
You close the door, pushing everything out of the way.
Okay, then.
Aiming: Fastroot
Press: ? - help, Shift-Dir - straight line, f - basilisk
Aim: a basilisk The roots erupt in riotous growth!
Roots grab the basilisk.
The grasping roots constrict the basilisk!
The water moccasin is no longer distracted by gold.
The basilisk escapes!
Unknown command.
Unknown command.
You barely miss the basilisk.
The basilisk is lightly wounded.
You sock the basilisk!
The basilisk is moderately wounded.
The basilisk bites you!
You die...
Your body crumbles into a pile of gold. $$$$$$$$$$$$$ $$$$$$$$$$$

▓▓▓▓▓▓▓▓▓▓▓▓▓▓▓▓▓▓▓▓▓▓▓▓▓
.'......)......+@l.....S.
▓▓▓▓▓▓▓▓▓▓▓▓▓▓▓▓▓▓▓▓▓▓▓▓▓▓▓▓▓▓▓▓▓
.................................
▓▓▓▓▓▓▓▓▓▓▓▓▓▓▓▓▓▓▓▓▓▓▓▓▓▓▓▓▓▓▓▓▓
....).....'______________________
▓▓▓▓▓▓▓▓▓▓▓▓▓▓▓▓▓▓▓▓▓▓▓▓▓▓▓▓▓▓▓▓▓


You could see a basilisk and a water moccasin (fleeing).

Vanquished Creatures
  2 centaur warriors (D)
  A two-headed ogre (D)
  A cyclops (D)
  A cane toad (D)
  A komodo dragon (D)
  A polar bear (D)
  A wraith (D)
  A basilisk (D)
  A yak (D)
  An acid dragon (D)
  A water moccasin (D)
  An orc warrior (D)
  A centaur (D)
  A kobold brigand (D)
  A scorpion (D)
  A howler monkey (D)
  A gnoll bouda (D)
  A hound (D)
  A gnoll (D)
  An adder (D)
  An orc (D)
  An endoplasm (D)
  A kobold (D)
  2 rats (D)
26 creatures vanquished.

Vanquished Creatures (others)
  A boulder beetle (D)
1 creature vanquished.

Grand Total: 27 creatures vanquished

Notes
Turn   | Place    | Note
-------+----------+-------------------------------------------
     0 | D        | mhtbhm the Gargoyle Fighter began the quest for the Orb.
     0 | D        | Reached XP level 1. HP: 14/14 MP: 1/1
    12 | D        | Reached XP level 2. HP: 17/20 MP: 2/2
    99 | D        | Noticed a scorpion
   120 | D        | Killed a scorpion
   121 | D        | Reached skill level 5 in Fighting
   121 | D        | Reached skill level 4 in Maces & Flails
   121 | D        | Reached skill level 5 in Armour
   121 | D        | Reached skill level 5 in Shields
   121 | D        | Reached XP level 3. HP: 23/26 MP: 3/3
   121 | D        | Reached XP level 4. HP: 27/31 MP: 4/4
   136 | D        | Reached skill level 1 in Dodging
   139 | D        | Reached skill level 5 in Maces & Flails
   139 | D        | Reached XP level 5. HP: 6/36 MP: 5/5
   306 | D        | Found a snail-covered altar of Cheibriados.
   306 | D        | Found a shadowy altar of Dithmenos.
   306 | D        | Found a white marble altar of Elyvilon.
   306 | D        | Found a blossoming altar of Fedhas.
   306 | D        | Found an opulent altar of Gozag.
   307 | D        | Found a hazy altar of Hepliaklqana.
   308 | D        | Found a viscous altar of Jiyva.
   309 | D        | Found an ancient bone altar of Kikubaaqudgha.
   310 | D        | Found a corrupted altar of Lugonu.
   311 | D        | Found a burning altar of Makhleb.
   312 | D        | Found a sparkling altar of Nemelex Xobeh.
   313 | D        | Found an iron altar of Okawaru.
   314 | D        | Became a worshipper of Gozag Ym Sagoz the Greedy
   315 | D        | Found a stormy altar of Qazlal.
   316 | D        | Found a sacrificial altar of Ru.
   317 | D        | Found a shimmering blue altar of Sif Muna.
   318 | D        | Found a bloodstained altar of Trog.
   319 | D        | Found a hide-covered altar of Uskayaw.
   320 | D        | Found a radiant altar of Vehumet.
   321 | D        | Found an ornate altar of the Wu Jian Council.
   322 | D        | Found a shimmering altar of Xom.
   323 | D        | Found a basalt altar of Yredelemnul.
   324 | D        | Found a glowing silver altar of Zin.
   325 | D        | Found a glowing golden altar of the Shining One.
   427 | D        | Noticed an orc warrior
   427 | D        | Noticed a kobold brigand
   427 | D        | Noticed a wraith
   427 | D        | Noticed a yak
   427 | D        | Noticed a centaur
   433 | D        | Reached skill level 6 in Maces & Flails
   443 | D        | Killed an orc warrior
   444 | D        | Reached skill level 7 in Maces & Flails
   444 | D        | Reached XP level 6. HP: 18/44 MP: 6/6
   453 | D        | Reached skill level 8 in Maces & Flails
   479 | D        | Killed a wraith
   480 | D        | Reached XP level 7. HP: 39/48 MP: 7/7
   487 | D        | Killed a yak
   488 | D        | Reached skill level 9 in Maces & Flails
   488 | D        | Reached skill level 1 in Evocations
   768 | D        | Noticed a two-headed ogre
   768 | D        | Noticed a boulder beetle
   768 | D        | Noticed a centaur warrior
   768 | D        | Noticed a centaur warrior
   768 | D        | Noticed a cyclops
   773 | D        | Reached skill level 10 in Maces & Flails
   773 | D        | Reached skill level 10 in Armour
   777 | D        | Killed a two-headed ogre
   778 | D        | Reached skill level 11 in Maces & Flails
   778 | D        | Reached XP level 8. HP: 41/56 MP: 8/8
   782 | D        | Killed a boulder beetle
   796 | D        | Killed a centaur warrior
   797 | D        | Reached skill level 10 in Fighting
   797 | D        | Reached skill level 12 in Maces & Flails
   797 | D        | Reached skill level 1 in Stealth
   797 | D        | Reached XP level 9. HP: 20/62 MP: 9/9
   804 | D        | Killed a centaur warrior
   805 | D        | Reached skill level 13 in Maces & Flails
   809 | D        | Killed a cyclops
   810 | D        | Reached skill level 5 in Dodging
  1125 | D        | Noticed a komodo dragon
  1125 | D        | Noticed a polar bear
  1125 | D        | Noticed a cane toad
  1125 | D        | Noticed a boulder beetle
  1139 | D        | Killed a komodo dragon
  1140 | D        | Reached XP level 10. HP: 46/69 MP: 10/10
  1182 | D        | Killed a cane toad
  1183 | D        | Reached skill level 14 in Maces & Flails
  1189 | D        | Slain by a basilisk

Illustrated notes

Levels and vault maps discovered:
D:        linesprint [early_d, line_temple, items_1, d_10, items_2, lair_1,
          lair_end, items_3, orc_1, orc_end, items_4, d_15, swamp_1, shoals_1,
          snake_1, spider_1, d_20, vaults_1, items_5, swamp_end, shoals_end,
          snake_end, spider_end, vaults_end, d_27, items_6, zot_1, zot_end,
          crypt_end, forest_end, elf_end, slime_end, tomb_end, abyss_end,
          pan_hell_end]

Skill      XL: |  1  2  3  4  5  6  7  8  9 10 |
---------------+-------------------------------+-----
Fighting       | 4 5 6 7 9 10 11 | 11.6
Armour         | 4 5 6 7 9 11 12 13 | 13.2
Shields        | 4 5 6 7 8 9 |  9.2
Maces & Flails | 4 5 7 8 11 12 13 14 | 14.1
Dodging        | 1 2 4 5 |  5.4
Evocations     | 1 2 |  2.7
Stealth        | 1 2 |  2.1

Action                   |  1- 3 |  4- 6 |  7- 9 | 10-12 || total
-------------------------+-------+-------+-------+-------++-------
Melee: Flail             |    34 |    61 |    60 |    43 ||   198
Evoke: Wand              |       |     3 |       |     2 ||     5
  Use: Potion            |     1 |     5 |     5 |       ||    11
       Scroll            |       |       |       |     1 ||     1
 Stab: Invisible         |       |       |     1 |       ||     1
Armor: Scale mail        |    20 |    18 |    40 |    28 ||   106
Dodge: Dodged            |    13 |    21 |    24 |    19 ||    77
Block: Buckler           |     4 |     8 |    16 |    11 ||    39

Table legend: (Time is in decaauts)
 A = Elapsed time spent in this place.
 B = Non-inter-level travel time spent in this place.
 C = Inter-level travel time spent in this place.
 D = Time resting spent in this place.
 E = Time spent auto-exploring this place.
 F = Levels seen in this place.
 G = Mean time per level.
                   A        B        C        D        E       F      G
               +--------+--------+--------+--------+--------+-----+--------+
         Total |   1200 |   1200 |      0 |    551 |    277 |   1 | 1200.0 |
       Dungeon |   1200 |   1200 |      0 |    551 |    277 |   1 | 1200.0 |
               +--------+--------+--------+--------+--------+-----+--------+

Top non-repeatable levels by time:
       D: 1200 daAuts
